 Dungeon Crawl Stone Soup version 0.27.1-34-g3ba077fa99 (webtiles) character file.

Game seed: 2987942673993099737

742 mcbry74 the Skirmisher (level 7, -7/72 HPs)
             Began as an Ogre Arcane Marksman on Jan 26, 2022.
             Mangled by Pikel (8 damage)
             ... on level 5 of the Dungeon.
             The game lasted 00:19:33 (8445 turns).

mcbry74 the Skirmisher (Ogre Arcane Marksman)       Turns: 8445, Time: 00:19:33

Health: -7/72      AC:  3    Str: 15    XL:     7   Next: 76%
Magic:  8/8        EV:  9    Int: 22    God:
Gold:   213        SH:  0    Dex:  9    Spells: 7/8 levels left

rFire    . . .     SeeInvis .   v - +0 quarterstaff
rCold    + . .     Faith    .   (shield currently unavailable)
rNeg     . . .     Spirit   .   a - +0 robe
rPois    .         Reflect  .   (helmet restricted)
rElec    .         Harm     .   (no cloak)
rCorr    .         Rampage  .   (gloves unavailable)
Will     .....                  (boots unavailable)
Stlth    +.........             (no amulet)
HPRegen  0.22/turn              f - ring of protection from cold
MPRegen  0.11/turn              l - +6 ring of intelligence

@: no status effects
A: large, unfitting armour, tough skin 1
a: no special abilities


You were on level 5 of the Dungeon.
You visited 1 branch of the dungeon, and saw 5 of its levels.

You collected 213 gold pieces.

Inventory:

Hand Weapons
 e - a +0 whip
 v - a +0 quarterstaff (weapon)
 C - a +1 vorpal war axe
Missiles
 b - 2 large rocks (quivered)
 c - 2 throwing nets
 d - 4 boomerangs
 g - 6 javelins
 i - 37 arrows
 k - 95 stones
 w - 6 poisoned darts
 x - 8 atropa-tipped darts
 y - 37 sling bullets
Armour
 a - a +0 robe (worn)
Jewellery
 f - a ring of protection from cold (left hand)
 l - a +6 ring of intelligence (right hand)
 m - a ring of magical power
 n - a ring of flight
 B - a +6 ring of intelligence
Scrolls
 j - 2 scrolls of identify {unknown}
 p - a scroll of noise {unknown}
 r - 4 scrolls of teleportation {unknown}
 s - a scroll of silence {unknown}
 u - a scroll of vulnerability {unknown}
 A - a scroll of blinking {unknown}
Potions
 h - a potion of magic {unknown}
 o - a potion of attraction {unknown}
 q - 2 potions of lignification {unknown}
 t - 2 potions of curing {unknown}
 z - a potion of resistance {unknown}


   Skills:
 - Level 5.4 Fighting
 + Level 5.0 Staves
 - Level 5.3 Throwing
 - Level 1.7 Dodging
 - Level 1.2 Spellcasting
 - Level 2.6 Hexes


You had 7 spell levels left.
You knew the following spells:

 Your Spells              Type           Power      Damage    Failure   Level
a - Corona                Hex            14%        N/A       4%          1

Your spell library contained the following spells:

 Spells                   Type           Power      Damage    Failure   Level
 Slow                     Hex            13%        N/A       8%          2
 Sublimation of Blood     Necr           0%         N/A       22%         2
 Wereblood                Tmut           1%         N/A       22%         2
 Inner Flame              Hex/Fire       7%         N/A       26%         3
 Portal Projectile        Hex/Tloc       14%        N/A       26%         3
 Cause Fear               Hex            6%         N/A       45%         4
 Animate Dead             Necr           0%         N/A       83%         4
 Haunt                    Necr/Summ      0%         N/A       100%        7
 Summon Hydra             Summ           0%         N/A       100%        7
 Infestation              Necr           0%         N/A       100%        8


Dungeon Overview and Level Annotations

Branches:
Dungeon (5/15)
 Temple: D:4-7

Altars:
Fedhas
Zin

Annotations:
D:5 Grinder, Pikel, Sigmund


Innate Abilities, Weirdness & Mutations

You are too large for most types of armour.
You have tough skin. (AC +1)


Message History

You barely miss Pikel.
Pikel is lightly wounded.
Pikel closely misses you. Pikel barely misses you.
You closely miss Pikel.
Pikel is lightly wounded.
Pikel closely misses you.
You hit Pikel.
Pikel is lightly wounded.
Pikel hits you with a +2 whip of freezing!
You barely miss Pikel.
Pikel is lightly wounded.
Pikel hits you with a +2 whip of freezing.
Pikel freezes you.
You hit Pikel but do no damage.
Pikel is lightly wounded.
Pikel hits you with a +2 whip of freezing!
Pikel freezes you.
You hit Pikel.
Pikel is moderately wounded.
Pikel hits you with a +2 whip of freezing!
Pikel freezes you.
You sock Pikel!
Pikel is heavily wounded.
Pikel barely misses you.
You barely miss Pikel.
Pikel is heavily wounded.
Pikel hits you with a +2 whip of freezing!
* * * LOW HITPOINT WARNING * * *
Pikel freezes you.
* * * LOW HITPOINT WARNING * * *
You closely miss Pikel.
Pikel is heavily wounded.
Pikel hits you with a +2 whip of freezing!
* * * LOW HITPOINT WARNING * * *
Pikel freezes you.
* * * LOW HITPOINT WARNING * * *
You closely miss Pikel.
Pikel is heavily wounded.
Pikel hits you with a +2 whip of freezing!
You die...

## ##.# ##..#
###...# ####
##....## ##5{##
##......##
###K555#
.....##..##
###.@###(5#
..........###...##
##..(
##.............##
.5.@
##.......#...##
... ###....###...#
.. ##..## ##..## .
#..# #...# #..#
##..## #.## ##..#
..


You could see Pikel and 4 lemures.

Vanquished Creatures
  A sky beast (D:2)
  An ogre (D:4)
  A black bear (D:5)
  A scorpion (D:5)
  A water moccasin skeleton (D:4)
  A hound (D:4)
  An orc priest (D:3)
  2 iguanas (D:4)
  Natasha (thrice) (D:3)
  Robin (D:2)
  7 adders
  A white imp (D:5)
  2 worms
  3 dart slugs
  4 orcs
  3 ball pythons (D:1)
  5 bats
  6 endoplasms
  3 giant cockroaches
  13 goblins
  10 hobgoblins
  7 jackals
  3 quokkas
  3 frilled lizards
  6 kobolds
  4 rats
93 creatures vanquished.

Vanquished Creatures (others)
  A plant (D:3)
1 creature vanquished.

Grand Total: 94 creatures vanquished

Notes
Turn   | Place    | Note
-------+----------+-------------------------------------------
     0 | D:1      | mcbry74 the Ogre Arcane Marksman began the quest for the
                  | Orb.
     0 | D:1      | Reached XP level 1. HP: 19/19 MP: 2/2
   740 | D:1      | Reached XP level 2. HP: 26/27 MP: 3/3
  1237 | D:1      | Reached XP level 3. HP: 20/33 MP: 4/4
  2147 | D:2      | Noticed Robin
  2738 | D:2      | Reached XP level 4. HP: 30/41 MP: 5/5
  3351 | D:2      | Found a glowing silver altar of Zin.
  3434 | D:2      | Killed Robin
  3449 | D:2      | HP: 2/42 [goblin[Robin] (2)]
  5064 | D:3      | Reached XP level 5. HP: 43/50 MP: 6/6
  5123 | D:3      | Found a blossoming altar of Fedhas.
  5387 | D:3      | Found a faded altar of an unknown god.
  5387 | D:3      | Noticed Natasha
  5405 | D:3      | Killed Natasha
  5661 | D:3      | Noticed Natasha
  5681 | D:3      | Killed Natasha
  5682 | D:3      | Reached skill level 5 in Throwing
  5879 | D:3      | Noticed a sky beast
  5914 | D:3      | Noticed Natasha
  5947 | D:2      | Killed a sky beast
  5948 | D:2      | Reached skill level 5 in Fighting
  5948 | D:2      | Reached XP level 6. HP: 11/66 MP: 7/7
  6243 | D:3      | Killed Natasha
  6706 | D:4      | Reached skill level 1 in Staves
  6932 | D:4      | Reached XP level 7. HP: 33/72 MP: 8/8
  7869 | D:5      | Entered Level 5 of the Dungeon
  8107 | D:5      | Reached skill level 5 in Staves
  8230 | D:5      | Noticed Grinder
  8426 | D:5      | Noticed Pikel
  8426 | D:5      | Noticed Sigmund
  8444 | D:5      | HP: 3/72 [Pikel (10)]
  8444 | D:5      | HP: 1/72 [Pikel (2)]
  8445 | D:5      | Mangled by Pikel

Illustrated notes

Levels and vault maps discovered:
D:1:      dpeg_arrival_central, layout_basic, minmay_pentomino_p2
D:2:      layout_basic, basic_altar, hangedman_decor_clover_reticule, uniq_robin
D:3:      layout_basic, fedhas_altar_1, ebering_ecumenical_altar_mist,
          uniq_natasha
D:4:      layout_cave_pods, minivault_23, kennysheep_flooded_box
D:5:      minmay_clustersquares, layout_layer_cave,
          minmay_temple_entry_statues_pillars, hangedman_abyss_or_decor_passed,
          minmay_shop_grid_forest, uniq_grinder, uniq_edmund, uniq_sigmund,
          uniq_pikel

Skill      XL: |  1  2  3  4  5  6  7 |
---------------+----------------------+-----
Throwing       | 3 4 5 |  5.3
Fighting       | 2 5 |  5.4
Staves         | 2 5 |  5.0
Dodging        | |  1.7
Spellcasting   | |  1.2
Hexes          | |  2.6

Action                   |  1- 3 |  4- 6 |  7- 9 || total
-------------------------+-------+-------+-------++-------
Melee: Unarmed           |   123 |     8 |       ||   131
       Whip              |   110 |   287 |       ||   397
       Quarterstaff      |       |    32 |    60 ||    92
Throw: Boomerang         |    10 |    22 |       ||    32
       Large rock        |       |     4 |     2 ||     6
       Dart              |       |     3 |     7 ||    10
Armor: Robe              |   122 |   116 |    12 ||   250
       Skin              |       |     3 |       ||     3
Dodge: Dodged            |   175 |   172 |    32 ||   379
